[Event "Titled Tuesday Blitz July 18 Early 2023"]
[White "Marosi, Levente"]
[Black "Carlsen, Magnus"]
[WhiteFideId "747181"]
[BlackFideId "1503014"]
[WhiteElo "2519"]
[BlackElo "3287"]
[Result "0-1"]
[Round "1"]
[TimeControl "180+2"]
[Date "2023.07.18"]
[WhiteClock "0:00:18"]
[BlackClock "0:01:54"]
[Board "1"]

1. e4 e6 2. d4 d6 3. Nd2 a6 4. Ngf3 g6 5. Bd3 Bg7 6. c3 Ne7 7. Qe2 c5 8. O-O cxd4 9. cxd4 O-O 10. Nb3 a5 11. Be3 Nbc6 12. a4 Nb4 13. Bb5 b6 14. Rfc1 Bb7 15. Nfd2 f5 16. Bg5 h6 17. Bxe7 Qxe7 18. exf5 Rxf5 19. Rc3 Raf8 20. Rf1 Nd5 21. Rg3 Nf4 22. Qe3 h5 23. f3 Bh6 24. Qe1 Bg5 25. Ne4 Bh4 26. Nbd2 Bxe4 27. Nxe4 Qg7 28. Kh1 Qxd4 0-1


[Site "https://www.chess.com"]

[Event "Titled Tuesday Blitz July 18 Early 2023"]
[White "Nakamura, Hikaru"]
[Black "Garakov, Mikhael"]
[WhiteFideId "2016192"]
[BlackFideId "4169034"]
[WhiteElo "3247"]
[BlackElo "2519"]
[Result "1-0"]
[Round "1"]
[TimeControl "180+2"]
[Date "2023.07.18"]
[WhiteClock "0:01:18"]
[BlackClock "0:00:08"]
[Board "2"]

1. Nf3 c5 2. b3 Nf6 3. e3 b6 4. Bb2 e6 5. d4 Bb7 6. Bd3 Be7 7. dxc5 bxc5 8. c4 O-O 9. O-O Nc6 10. Nc3 d5 11. cxd5 exd5 12. Na4 Nb4 13. Bf5 Ba6 14. Re1 Ne4 15. Nd2 Nd3 16. Nxe4 dxe4 17. Bxe4 Nxb2 18. Nxb2 Qxd1 19. Raxd1 Rad8 20. Bd3 Bf6 21. Bxa6 Bxb2 22. Bc4 Bc3 23. Rf1 Ba5 24. Bd5 g6 25. Rd3 Kg7 26. Rfd1 Rd6 27. e4 Rfd8 28. e5 R6d7 29. f4 Bb6 30. Kf1 Bc7 31. g3 h5 32. Kg2 h4 33. gxh4 Rh8 34. Bc4 Rxd3 35. Rxd3 Rd8 36. Bd5 Rh8 37. Bxf7 Rxh4 38. Rd7 Bb6 39. Kg3 Rh8 40. Bc4+ Kh6 41. e6 1-0


[Site "https://www.chess.com"]

[Event "Titled Tuesday Blitz July 18 Early 2023"]
[White "Urbina Perez, Juan Antonio"]
[Black "Firouzja, Alireza"]
[WhiteFideId "2217368"]
[BlackFideId "12573981"]
[WhiteElo "2519"]
[BlackElo "3100"]
[Result "0-1"]
[Round "1"]
[TimeControl "180+2"]
[Date "2023.07.18"]
[WhiteClock "0:00:12"]
[BlackClock "0:02:29"]
[Board "3"]

1. e4 c5 2. Nf3 d6 3. Bb5+ Nd7 4. d4 a6 5. Bxd7+ Bxd7 6. Nc3 e6 7. O-O cxd4 8. Qxd4 Rc8 9. a4 Ne7 10. Bg5 f6 11. Be3 Nc6 12. Qd2 Be7 13. Rfd1 O-O 14. Bf4 Ne5 15. Nxe5 fxe5 16. Be3 Bc6 17. f3 Qe8 18. a5 Qg6 19. Kh1 Kh8 20. Rf1 Rfd8 21. Bb6 Rd7 22. Qe2 Bf6 23. Rad1 d5 24. f4 d4 25. f5 exf5 26. exf5 Qh6 27. Ne4 Bb5 28. Qf3 Bxf1 29. Rxf1 Rxc2 30. Nc5 Re7 31. b3 Rc1 32. h3 e4 33. Qf2 e3 34. Qf3 Rxf1+ 35. Qxf1 e2 36. Qe1 Qh4 0-1


[Site "https://www.chess.com"]

[Event "Titled Tuesday Blitz July 18 Early 2023"]
[White "Dubov, Daniil"]
[Black "ArchibaldCerveza29"]
[WhiteFideId "24126055"]
[WhiteElo "3088"]
[BlackElo "2518"]
[Result "1-0"]
[Round "1"]
[TimeControl "180+2"]
[Date "2023.07.18"]
[WhiteClock "0:02:25"]
[BlackClock "0:00:45"]
[Board "4"]

1. e4 e5 2. Nf3 Nc6 3. Nc3 Nf6 4. Bc4 Nxe4 5. O-O Nxc3 6. dxc3 Be7 7. Qd5 O-O 8. Nxe5 Nxe5 9. Qxe5 c6 10. Re1 Bf6 11. Qd6 Re8 12. Rxe8+ Qxe8 13. Bf4 Qe4 14. Bb3 Be7 15. Qd2 Bf8 16. Re1 Qf5 17. Re8 b6 18. Qd6 1-0


[Site "https://www.chess.com"]

[Event "Titled Tuesday Blitz July 18 Early 2023"]
[White "Ansh M Shah"]
[Black "Theodorou, Nikolas"]
[WhiteFideId "25033379"]
[BlackFideId "4262875"]
[WhiteElo "2517"]
[BlackElo "3085"]
[Result "0-1"]
[Round "1"]
[TimeControl "180+2"]
[Date "2023.07.18"]
[WhiteClock "0:00:00"]
[BlackClock "0:00:24"]
[Board "5"]

1. d4 Nf6 2. c4 g6 3. h4 Bg7 4. Nc3 d6 5. e4 h5 6. Be2 O-O 7. Nf3 Bg4 8. Bg5 c5 9. d5 Nbd7 10. O-O a6 11. a4 Re8 12. Re1 Qc7 13. Bf4 Bxf3 14. Bxf3 e6 15. Qd2 Ne5 16. Be2 Rad8 17. Bg5 Rd7 18. Rad1 Qa5 19. Bxf6 Bxf6 20. f4 Ng4 21. Bxg4 hxg4 22. e5 Bxh4 23. Re4 exd5 24. cxd5 Qd8 25. Qe2 dxe5 26. fxe5 Bg3 27. e6 Qh4 28. Qxg4 Qh2+ 29. Kf1 Qh1+ 30. Ke2 Qxg2+ 31. Kd3 Rde7 32. exf7+ Kxf7 33. Rxe7+ Rxe7 34. Ne4 c4+ 35. Kd4 Be5+ 36. Kxc4 Qxg4 0-1


[Site "https://www.chess.com"]

[Event "Titled Tuesday Blitz July 18 Early 2023"]
[White "Bortnyk, Olexandr"]
[Black "Tifferet, Shaked"]
[WhiteFideId "14120828"]
[BlackFideId "2811529"]
[WhiteElo "3030"]
[BlackElo "2515"]
[Result "1-0"]
[Round "1"]
[TimeControl "180+2"]
[Date "2023.07.18"]
[WhiteClock "0:00:19"]
[BlackClock "0:00:01"]
[Board "6"]

1. e4 e5 2. Nf3 Nc6 3. Bb5 a6 4. Ba4 Bc5 5. Nc3 Nge7 6. d3 O-O 7. a3 d6 8. Be3 Bxe3 9. fxe3 Kh8 10. O-O f5 11. exf5 Bxf5 12. Nh4 Be6 13. Qh5 b5 14. Bb3 Bxb3 15. cxb3 Rxf1+ 16. Rxf1 Qg8 17. Ne4 Rf8 18. Rxf8 Qxf8 19. Ng5 h6 20. Ne6 Qg8 21. Ng6+ Nxg6 22. Qxg6 Ne7 23. Qg4 c5 24. e4 Nc6 25. h4 Nd4 26. Nc7 Qxb3 27. Ne8 Ne6 28. Qf5 a5 29. Qf7 a4 30. Kh2 b4 31. Nxd6 bxa3 32. bxa3 Nf4 33. Qe8+ Kh7 34. Nf7 Qc2 35. Qh8+ Kg6 36. Nxe5+ Kf6 37. Ng4+ Kf7 38. Ne3 Qxd3 39. Nf5 Qe2 40. Qxg7+ Ke6 41. Qe7# 1-0


[Site "https://www.chess.com"]

[Event "Titled Tuesday Blitz July 18 Early 2023"]
[White "Hnydiuk, Aleksander"]
[Black "Bluebaum, Matthias"]
[WhiteFideId "1109057"]
[BlackFideId "24651516"]
[WhiteElo "2514"]
[BlackElo "3028"]
[Result "0-1"]
[Round "1"]
[TimeControl "180+2"]
[Date "2023.07.18"]
[WhiteClock "0:00:29"]
[BlackClock "0:02:17"]
[Board "7"]

1. e4 e6 2. d4 d5 3. Nc3 Nf6 4. Bg5 dxe4 5. Nxe4 Be7 6. Bxf6 gxf6 7. Nf3 f5 8. Nc3 a6 9. g3 b5 10. Bg2 Bb7 11. Qe2 c5 12. O-O-O b4 13. Na4 Qa5 14. b3 cxd4 15. Rxd4 Nc6 16. Rc4 O-O 17. Kb1 Rad8 18. Nb2 Na7 19. Nd3 Nb5 0-1


[Site "https://www.chess.com"]

[Event "Titled Tuesday Blitz July 18 Early 2023"]
[White "Martinez Alcantara, Jose Eduardo"]
[Black "Horak, Martin"]
[WhiteFideId "3805662"]
[BlackFideId "367095"]
[WhiteElo "3025"]
[BlackElo "2514"]
[Result "1-0"]
[Round "1"]
[TimeControl "180+2"]
[Date "2023.07.18"]
[WhiteClock "0:01:08"]
[BlackClock "0:00:01"]
[Board "8"]

1. e4 c5 2. Nf3 Nc6 3. Bb5 Nf6 4. Nc3 Qc7 5. Bxc6 Qxc6 6. Qe2 d6 7. d4 cxd4 8. Nxd4 Qc7 9. Be3 a6 10. O-O-O e6 11. f3 Be7 12. g4 b5 13. Qd2 b4 14. Nce2 Rb8 15. Kb1 a5 16. h4 Nd7 17. h5 Ne5 18. b3 h6 19. Rhg1 Ba6 20. f4 Nd7 21. Ng3 a4 22. f5 e5 23. Nf3 Nc5 24. f6 Bxf6 25. Qxd6 Rc8 26. Qxc7 Rxc7 27. Rd5 Ne6 28. Ra5 Bb7 29. Rxa4 Be7 30. Nxe5 O-O 31. Nc4 Nc5 32. Ra7 Rfc8 33. Nf5 Bf8 34. Bf4 Rc6 35. Bd6 Nxe4 36. Bxf8 Kxf8 37. Rxb7 Nc3+ 38. Kb2 Ra6 39. a3 Nd5 1-0


[Site "https://www.chess.com"]

[Event "Titled Tuesday Blitz July 18 Early 2023"]
[White "Yeritsyan, Hayk"]
[Black "Sarana, Alexey"]
[WhiteFideId "13307320"]
[BlackFideId "24133795"]
[WhiteElo "2513"]
[BlackElo "3021"]
[Result "0-1"]
[Round "1"]
[TimeControl "180+2"]
[Date "2023.07.18"]
[WhiteClock "0:00:08"]
[BlackClock "0:00:56"]
[Board "9"]

1. d4 Nf6 2. Nf3 g6 3. Bf4 Bg7 4. h3 d6 5. e3 Nbd7 6. c3 O-O 7. Be2 Re8 8. O-O a5 9. Na3 b6 10. Bh2 Bb7 11. Rc1 e5 12. Nc4 e4 13. Nfd2 a4 14. Na3 h5 15. c4 Nf8 16. Nb5 Ne6 17. Nc3 Qd7 18. a3 c5 19. d5 Nc7 20. Qc2 b5 21. Nxb5 Nxb5 22. cxb5 Bxd5 23. Nc4 Bxc4 24. Bxc4 d5 25. Be2 c4 26. Rfd1 Qxb5 27. Rd2 Qb3 28. Qb1 Re6 29. Rcd1 Ra7 30. Qc1 Rb7 31. g4 hxg4 32. hxg4 Bh6 33. Kg2 Bg5 34. Re1 Qb5 35. Red1 Qd7 36. Bxc4 Rc6 37. Rc2 Qxg4+ 38. Bg3 Rxc4 39. Rxc4 dxc4 40. Rd8+ Kg7 41. Qxc4 Qf3+ 42. Kh2 Rxb2 43. Qc5 Rxf2+ 44. Bxf2 Ng4+ 45. Kg1 Qxf2+ 0-1


[Site "https://www.chess.com"]

[Event "Titled Tuesday Blitz July 18 Early 2023"]
[White "Duda, Jan-Krzysztof"]
[Black "Berezin, Viktor"]
[WhiteFideId "1170546"]
[BlackFideId "14107872"]
[WhiteElo "3016"]
[BlackElo "2510"]
[Result "1-0"]
[Round "1"]
[TimeControl "180+2"]
[Date "2023.07.18"]
[WhiteClock "0:00:06"]
[BlackClock "0:00:05"]
[Board "10"]

1. c4 Nf6 2. Nf3 g6 3. Nc3 Bg7 4. e4 O-O 5. d4 d6 6. Be2 e5 7. O-O Na6 8. Re1 Qe8 9. Qc2 c6 10. h3 Nh5 11. Be3 f5 12. Rad1 fxe4 13. Nxe4 Bf5 14. Bd3 Nb4 15. Qb3 Nxd3 16. Nxd6 Qd7 17. Nxf5 Nxe1 18. Nh6+ Bxh6 19. Nxe5 Qg7 20. c5+ Kh8 21. Rxe1 Bxe3 22. Rxe3 Nf4 23. Re4 Nd5 24. Qg3 Rae8 25. Rh4 Re6 26. a3 Rf5 27. Re4 Kg8 28. b4 Qf8 29. Nd7 Qe7 30. Ne5 Kg7 31. h4 Nf6 32. Re2 Nh5 33. Qc3 Nf6 34. g3 Nd5 35. Qd2 h6 36. a4 g5 37. h5 g4 38. b5 Rxh5 39. bxc6 bxc6 40. Re4 Nf6 41. Rf4 Qd8 42. Nxg4 Qd5 43. Nh2 Ne4 44. Qb4 Re7 45. Qb8 Nf6 46. Rxf6 Kxf6 47. Qf8+ Qf7 48. Qc8 Kg7 49. Qxc6 Rf5 50. Ng4 h5 51. Qh6+ Kg8 52. Ne5 Rfxe5 53. dxe5 Rxe5 54. c6 Re1+ 55. Kg2 Re7 56. Qc1 Qd5+ 57. Kh2 Rc7 58. Qe3 Rxc6 59. Qxa7 Qf5 60. Qd4 Rf6 61. Kg1 Qf3 62. a5 Re6 63. Qc4 Kf7 64. a6 Kf6 65. Qd4+ Kf5 66. Qc5+ Re5 67. Qf8+ Ke4 68. Qa8+ Rd5 69. a7 Kd4 70. Qb8 Qd1+ 71. Kg2 Qa4 72. a8=Q Qc4 73. Qb6+ Kd3 74. Qe3+ Kc2 75. Qaa3 Rd1 76. Kf3 Qc6+ 77. Qe4+ Qxe4+ 78. Kxe4 Re1+ 79. Kf4 Rd1 80. Qe3 Rd3 81. Qe4 Kd2 82. Kg5 Rd4 83. Qxd4+ Ke2 84. Kxh5 Kf3 85. Kg5 Kg2 86. g4 Kf1 87. f4 Kg2 88. Qe3 1-0


[Site "https://www.chess.com"]

[Event "Titled Tuesday Blitz July 18 Early 2023"]
[White "Keleberda, Tymur"]
[Black "Shimanov, Aleksandr"]
[WhiteFideId "14174294"]
[BlackFideId "4198603"]
[WhiteElo "2509"]
[BlackElo "3012"]
[Result "1/2-1/2"]
[Round "1"]
[TimeControl "180+2"]
[Date "2023.07.18"]
[WhiteClock "0:00:06"]
[BlackClock "0:00:08"]
[Board "11"]

1. e4 c6 2. d4 d5 3. e5 Bf5 4. h4 h5 5. Bd3 Bxd3 6. Qxd3 Qa5+ 7. Bd2 Qa6 8. e6 Qxd3 9. exf7+ Kxf7 10. cxd3 Nd7 11. Nf3 e6 12. Nc3 Ne7 13. O-O-O Nf5 14. Rde1 Re8 15. Ne2 Be7 16. Bg5 Bf6 17. Bxf6 gxf6 18. g3 Nf8 19. Kd2 Ng6 20. b4 a6 21. Rb1 e5 22. dxe5 Nxe5 23. Nfd4 Nxd4 24. Nxd4 Kg6 25. Rb2 Re7 26. a4 Rhe8 27. Rc1 Ng4 28. f3 Ne3 29. b5 cxb5 30. axb5 a5 31. b6 Nf5 32. Nxf5 Re2+ 33. Kc3 Kxf5 34. Rxe2 Rxe2 35. Kd4 Rb2 36. Rc5 Ke6 37. Rxa5 Rxb6 38. Ra8 Rb4+ 39. Ke3 Kf5 40. Rh8 Kg6 41. Rg8+ Kf7 42. Rh8 Rb5 43. Kd4 Kg6 44. Rd8 Rb1 45. Rxd5 Rg1 46. g4 hxg4 47. h5+ Kf7 48. fxg4 Rxg4+ 49. Ke3 Rh4 50. Rb5 Ke6 51. Rb6+ Kf5 52. Rxb7 Rh3+ 53. Kd4 Rxh5 54. Rb5+ Kg4 55. Rxh5 Kxh5 56. Ke3 Kg4 57. d4 Kf5 58. Kf3 Ke6 59. Ke4 f5+ 60. Kf4 Kd5 61. Kxf5 Kxd4 1/2-1/2


[Site "https://www.chess.com"]

[Event "Titled Tuesday Blitz July 18 Early 2023"]
[White "Novikov, Evgenij"]
[Black "Movahed, Sina"]
[WhiteFideId "4125380"]
[BlackFideId "42520835"]
[WhiteElo "2508"]
[BlackElo "3005"]
[Result "0-1"]
[Round "1"]
[TimeControl "180+2"]
[Date "2023.07.18"]
[WhiteClock "0:00:41"]
[BlackClock "0:02:11"]
[Board "13"]

1. d4 Nf6 2. Nf3 g6 3. c4 Bg7 4. Nc3 O-O 5. e4 d6 6. Be2 e5 7. d5 Na6 8. O-O Nc5 9. Qc2 a5 10. Bg5 h6 11. Be3 Ng4 12. Bxc5 dxc5 13. h3 Nf6 14. Nxe5 Nxd5 15. cxd5 Bxe5 16. f4 Bd4+ 17. Kh2 c6 18. Rad1 cxd5 19. Nxd5 Be6 20. Bc4 b5 21. Bxb5 Bxd5 22. exd5 Rb8 23. a4 Qxd5 24. b3 Kg7 25. Bc4 Qd6 26. Kh1 Rbe8 27. Qd2 Qb6 28. Rde1 Qf6 29. Bb5 Bc3 0-1


[Site "https://www.chess.com"]

[Event "Titled Tuesday Blitz July 18 Early 2023"]
[White "AdvanceGuard4"]
[Black "Xu, Xiangyu"]
[BlackFideId "8608288"]
[WhiteElo "2507"]
[BlackElo "2983"]
[Result "0-1"]
[Round "1"]
[TimeControl "180+2"]
[Date "2023.07.18"]
[WhiteClock "0:01:47"]
[BlackClock "0:02:46"]
[Board "15"]

1. d4 Nf6 2. Nf3 b6 3. g3 Bb7 4. Bg2 c5 5. c3 e6 6. O-O Be7 7. a4 O-O 8. a5 Qc8 9. axb6 axb6 10. Rxa8 Bxa8 11. Qb3 Qa6 12. Re1 Bd5 13. Qc2 Be4 14. Qb3 Bxb1 15. Bf4 Be4 0-1


[Site "https://www.chess.com"]

[Event "Titled Tuesday Blitz July 18 Early 2023"]
[White "Oparin, Grigoriy"]
[Black "MFatigue"]
[WhiteFideId "24125890"]
[WhiteElo "2977"]
[BlackElo "2507"]
[Result "1-0"]
[Round "1"]
[TimeControl "180+2"]
[Date "2023.07.18"]
[WhiteClock "0:01:50"]
[BlackClock "0:01:02"]
[Board "16"]

1. c4 c5 2. Nc3 Nf6 3. g3 d5 4. cxd5 Nxd5 5. Bg2 Nc7 6. Nf3 Nc6 7. a3 e5 8. b4 cxb4 9. axb4 Bxb4 10. Nxe5 Bxc3 11. Nxc6 bxc6 12. dxc3 Qxd1+ 13. Kxd1 Bd7 14. Be3 a6 15. c4 O-O 16. Kc2 Bf5+ 17. Kc3 Rfc8 18. Rhd1 Ne8 19. Ra5 Be6 20. Bc5 Nf6 21. Rd6 Nd7 22. Be3 Ne5 23. Rxe5 1-0


[Site "https://www.chess.com"]

[Event "Titled Tuesday Blitz July 18 Early 2023"]
[White "Estrada Nieto, Julian"]
[Black "Kramnik, Vladimir"]
[WhiteFideId "5101018"]
[BlackFideId "4101588"]
[WhiteElo "2507"]
[BlackElo "2973"]
[Result "0-1"]
[Round "1"]
[TimeControl "180+2"]
[Date "2023.07.18"]
[WhiteClock "0:00:01"]
[BlackClock "0:00:21"]
[Board "17"]

1. e4 c5 2. Nf3 e6 3. c3 Nf6 4. e5 Nd5 5. Bc4 d6 6. d4 cxd4 7. cxd4 Be7 8. O-O O-O 9. Qe2 b6 10. Bd2 Bb7 11. Nc3 dxe5 12. dxe5 Nxc3 13. Bxc3 Nd7 14. Rad1 Qc7 15. Rfe1 Rfd8 16. Bd3 Nf8 17. h4 h6 18. h5 Qc6 19. Qf1 Qa4 20. Nd4 a6 21. Bc4 Rac8 22. Bb3 Qe8 23. Qe2 b5 24. Ba5 Rd7 25. Qg4 Bc5 26. Nf3 Rxd1 27. Rxd1 Qc6 28. Bd2 Qe4 29. Qg3 Kh8 30. Re1 Qf5 31. Rc1 Qxh5 32. Bc2 Bxf3 33. gxf3 Bd4 34. Kg2 Qxe5 35. Qh4 Qf6 36. Qe4 Bxb2 37. Rh1 Rc4 38. Qd3 Qg6+ 39. Qxg6 Nxg6 40. Bxg6 fxg6 41. Be3 Bd4 42. Rd1 e5 43. Bxd4 exd4 44. Re1 Ra4 45. Re8+ Kh7 46. Rd8 g5 47. Rd6 Rxa2 48. Rxd4 a5 49. Kg3 b4 0-1


[Site "https://www.chess.com"]

[Event "Titled Tuesday Blitz July 18 Early 2023"]
[White "Van Foreest, Jorden"]
[Black "Droin, Augustin"]
[WhiteFideId "1039784"]
[BlackFideId "45105987"]
[WhiteElo "2965"]
[BlackElo "2506"]
[Result "1-0"]
[Round "1"]
[TimeControl "180+2"]
[Date "2023.07.18"]
[WhiteClock "0:01:29"]
[BlackClock "0:00:54"]
[Board "18"]

1. d4 Nf6 2. Nf3 e6 3. Bf4 d5 4. e3 Bd6 5. Bd3 O-O 6. h4 Bxf4 7. exf4 Qd6 8. Ne5 Qb4+ 9. Nc3 c5 10. dxc5 Qxf4 11. Qe2 Nc6 12. Nxc6 bxc6 13. a3 e5 14. g3 Qd4 15. O-O-O Qxc5 16. Qxe5 Bg4 17. Rde1 Rab8 18. Qf4 Be6 19. g4 Nd7 20. h5 Qb6 21. Na4 Qa5 22. h6 g6 23. Qd4 1-0


[Site "https://www.chess.com"]

[Event "Titled Tuesday Blitz July 18 Early 2023"]
[White "LeoLV10"]
[Black "Svane, Rasmus"]
[BlackFideId "4657101"]
[WhiteElo "2505"]
[BlackElo "2962"]
[Result "0-1"]
[Round "1"]
[TimeControl "180+2"]
[Date "2023.07.18"]
[WhiteClock "0:00:27"]
[BlackClock "0:01:12"]
[Board "19"]

1. e4 c6 2. d4 d5 3. e5 Bf5 4. h4 h5 5. Bd3 Bxd3 6. Qxd3 Qa5+ 7. Nd2 e6 8. Nf3 Nh6 9. O-O Nf5 10. a4 Be7 11. Nb3 Qa6 12. Qd1 Nd7 13. Bg5 Bxg5 14. hxg5 g6 15. c3 Rc8 16. Re1 Kf8 17. Nc5 Nxc5 18. dxc5 Qc4 19. b4 Qxc3 20. Rb1 Kg7 21. Rb3 Qc4 22. Qb1 h4 23. Rc1 Qg4 24. Kh2 Qf4+ 25. Kh1 Rh5 26. b5 Rch8 27. Rb4 Ng3+ 28. Kh2 Ne4+ 29. Kg1 h3 30. Nd2 Qxf2+ 0-1


[Site "https://www.chess.com"]

[Event "Titled Tuesday Blitz July 18 Early 2023"]
[White "Svane, Frederik"]
[Black "Makkar, Rajat"]
[WhiteFideId "12923044"]
[BlackFideId "36016810"]
[WhiteElo "2959"]
[BlackElo "2505"]
[Result "1-0"]
[Round "1"]
[TimeControl "180+2"]
[Date "2023.07.18"]
[WhiteClock "0:00:10"]
[BlackClock "0:00:10"]
[Board "20"]

1. c4 c6 2. Nf3 Nf6 3. b3 d5 4. Bb2 e6 5. g3 Bd6 6. Bg2 O-O 7. O-O a5 8. Nc3 Nbd7 9. d4 Ne4 10. Nd2 f5 11. Ndxe4 fxe4 12. f3 exf3 13. exf3 a4 14. Nxa4 dxc4 15. bxc4 e5 16. c5 Bc7 17. d5 Nxc5 18. Nxc5 Bb6 19. dxc6 Bxc5+ 20. Kh1 bxc6 21. Bxe5 Be6 22. Qc2 Qa5 23. f4 Bd5 24. Bxd5+ cxd5 25. Rfd1 Rfd8 26. a4 d4 27. Qc4+ Kh8 28. Bxd4 Bxd4 29. Rxd4 Rxd4 30. Qxd4 Rd8 31. Qe4 h6 32. Ra2 Rd1+ 33. Kg2 Re1 34. Qc6 Qa7 35. Rc2 Rg1+ 36. Kh3 Qf7 37. Qa8+ Kh7 38. Qe4+ g6 39. Rc6 Ra1 40. Rb6 Qd7+ 41. f5 Qxf5+ 42. Qxf5 gxf5 43. Ra6 Rf1 44. Kg2 Rb1 45. Kf3 Rb4 46. a5 Kg7 47. Ra8 Kg6 48. a6 Ra4 49. a7 Kg7 50. Ke3 Kh7 51. Kd3 h5 52. Kc3 Kg7 53. Kb3 Ra1 54. h4 Ra6 55. Kc4 Ra1 56. Kd5 Ra5+ 57. Ke6 Kh7 58. Kf6 f4 59. gxf4 Ra6+ 60. Kg5 Ra5+ 61. f5 Kg7 62. Kf4 Ra4+ 63. Ke3 Kh7 64. f6 Ra6 65. f7 1-0


[Site "https://www.chess.com"]

[Event "Titled Tuesday Blitz July 18 Early 2023"]
[White "ElenGajger"]
[Black "Pranav, V"]
[BlackFideId "25060783"]
[WhiteElo "2504"]
[BlackElo "2953"]
[Result "0-1"]
[Round "1"]
[TimeControl "180+2"]
[Date "2023.07.18"]
[WhiteClock "0:01:18"]
[BlackClock "0:01:47"]
[Board "21"]

1. e4 c6 2. d4 d5 3. Nd2 dxe4 4. Nxe4 Nf6 5. Nc3 g6 6. Nf3 Bg7 7. g3 O-O 8. Bg2 Bg4 9. O-O Nbd7 10. h3 Bxf3 11. Bxf3 Re8 12. Re1 e5 13. Bg5 exd4 14. Qxd4 h6 15. Bxf6 Bxf6 16. Qd2 Ne5 17. Qe2 Qa5 18. Kg2 Bg7 19. Rad1 Qb4 20. Ne4 Qxb2 21. Rb1 Qa3 22. Rxb7 Qxf3+ 23. Qxf3 Nxf3 24. Kxf3 f5 25. Nf6+ Bxf6 26. Rxe8+ Rxe8 27. Rxa7 Re5 28. Ra6 Rc5 0-1


[Site "https://www.chess.com"]

[Event "Titled Tuesday Blitz July 18 Early 2023"]
[White "Aravindh, Chithambaram VR."]
[Black "Michalczak, Thomas"]
[WhiteFideId "5072786"]
[BlackFideId "4622634"]
[WhiteElo "2946"]
[BlackElo "2503"]
[Result "1-0"]
[Round "1"]
[TimeControl "180+2"]
[Date "2023.07.18"]
[WhiteClock "0:01:48"]
[BlackClock "0:00:29"]
[Board "22"]

1. b3 d5 2. Bb2 c6 3. Nf3 Nf6 4. c4 Bg4 5. e3 Nbd7 6. Be2 e6 7. O-O Bd6 8. d4 a5 9. Nc3 O-O 10. h3 Bh5 11. Qc2 Qe7 12. Rad1 Rfe8 13. Rfe1 Rad8 14. e4 dxe4 15. Nxe4 Bg6 16. Bd3 Nxe4 17. Bxe4 Bxe4 18. Rxe4 Nf6 19. Re2 Bc7 20. Bc3 h6 21. g3 Rd7 22. Kg2 Qd8 23. Rde1 Bb6 24. Ne5 Rc7 25. c5 1-0


[Site "https://www.chess.com"]

[Event "Titled Tuesday Blitz July 18 Early 2023"]
[White "Ljukin, Sergei"]
[Black "He, Anthony"]
[WhiteFideId "14102200"]
[BlackFideId "2088215"]
[WhiteElo "2498"]
[BlackElo "2944"]
[Result "0-1"]
[Round "1"]
[TimeControl "180+2"]
[Date "2023.07.18"]
[WhiteClock "0:00:03"]
[BlackClock "0:01:39"]
[Board "23"]

1. e4 e5 2. Nf3 Nc6 3. Bb5 a6 4. Ba4 Nf6 5. Qe2 b5 6. Bb3 Be7 7. c3 d6 8. O-O O-O 9. d4 exd4 10. cxd4 Bg4 11. Rd1 Re8 12. Nc3 Bf8 13. Bg5 h6 14. Bxf6 Qxf6 15. Nd5 Qd8 16. Rac1 Bd7 17. a3 Rc8 18. Qd3 Na5 19. Ba2 c6 20. Ne3 Nb7 21. b4 a5 22. bxa5 Nxa5 23. e5 d5 24. Bb1 g6 25. Nd2 Nc4 26. f4 Ra8 27. Ndxc4 bxc4 28. Qe2 Rxa3 29. f5 Qg5 30. Re1 gxf5 31. Nc2 Rb3 32. Rf1 Reb8 33. Na1 Rb2 34. Qf3 f4 35. Nc2 R8b3 36. Qf2 f3 37. g3 h5 0-1


[Site "https://www.chess.com"]

[Event "Titled Tuesday Blitz July 18 Early 2023"]
[White "Ibarra Jerez, Jose Carlos"]
[Black "MateoReyes"]
[WhiteFideId "2226332"]
[WhiteElo "2942"]
[BlackElo "2496"]
[Result "1-0"]
[Round "1"]
[TimeControl "180+2"]
[Date "2023.07.18"]
[WhiteClock "0:01:53"]
[BlackClock "0:01:53"]
[Board "24"]

1. e4 c5 2. Nf3 d6 3. c3 Nf6 4. h3 e5 5. d4 cxd4 6. cxd4 exd4 7. Qxd4 Be7 8. Nc3 O-O 9. Bc4 Nc6 10. Qd1 Ne5 11. Bb3 Nxf3+ 12. Qxf3 Be6 13. O-O Bxb3 14. axb3 Qb6 15. Bg5 Qxb3 16. Nd5 Qxf3 17. Nxe7+ Kh8 18. gxf3 Nd7 19. Rfd1 Ne5 20. Kg2 f6 21. Be3 Nc4 22. b3 Nxe3+ 23. fxe3 Rfe8 24. Nf5 1-0


[Site "https://www.chess.com"]

[Event "Titled Tuesday Blitz July 18 Early 2023"]
[White "Mostbauer, Florian"]
[Black "Vokhidov, Shamsiddin"]
[WhiteFideId "1626671"]
[BlackFideId "14204223"]
[WhiteElo "2496"]
[BlackElo "2936"]
[Result "0-1"]
[Round "1"]
[TimeControl "180+2"]
[Date "2023.07.18"]
[WhiteClock "0:02:16"]
[BlackClock "0:02:38"]
[Board "25"]

1. d4 Nf6 2. Nf3 d5 3. Bf4 c5 4. e3 Nc6 5. Nbd2 Nh5 6. Be5 e6 7. c3 f6 8. Bg3 cxd4 9. exd4 g6 10. c4 Bh6 11. cxd5 exd5 12. Qe2+ Kf7 13. O-O-O Bf5 14. Nh4 Nxd4 0-1


[Site "https://www.chess.com"]

[Event "Titled Tuesday Blitz July 18 Early 2023"]
[White "Anton Guijarro, David"]
[Black "Postlmayer, Jakob"]
[WhiteFideId "2285525"]
[BlackFideId "1643622"]
[WhiteElo "2933"]
[BlackElo "2495"]
[Result "1-0"]
[Round "1"]
[TimeControl "180+2"]
[Date "2023.07.18"]
[WhiteClock "0:00:08"]
[BlackClock "0:00:00"]
[Board "26"]

1. Nf3 d5 2. c4 e6 3. g3 Nf6 4. Bg2 Be7 5. O-O O-O 6. b3 b6 7. cxd5 exd5 8. Bb2 Bb7 9. e3 Nbd7 10. Nc3 Re8 11. Rc1 a6 12. Re1 Bf8 13. d3 c5 14. d4 Rc8 15. dxc5 bxc5 16. Ne2 Qb6 17. Nf4 Red8 18. Re2 Qa5 19. Bc3 Qb5 20. Bb2 c4 21. Nd4 Qb6 22. Rec2 h6 23. h4 a5 24. Ba1 cxb3 25. Nxb3 Rxc2 26. Rxc2 a4 27. Bd4 Qb4 28. Nc1 a3 29. Ncd3 Qb5 30. Rc1 Ba6 31. h5 Qb7 32. Ne5 Nxe5 33. Bxe5 Qe7 34. Bxf6 Qxf6 35. Bxd5 Bb7 36. e4 Bd6 37. Rb1 Bxf4 38. Rxb7 Be5 39. Bxf7+ Kh7 40. Bd5 1-0


[Site "https://www.chess.com"]

[Event "Titled Tuesday Blitz July 18 Early 2023"]
[White "kuanysh1981"]
[Black "Tasdogen, Dincer"]
[BlackFideId "6367097"]
[WhiteElo "2494"]
[BlackElo "2928"]
[Result "0-1"]
[Round "1"]
[TimeControl "180+2"]
[Date "2023.07.18"]
[WhiteClock "0:01:54"]
[BlackClock "0:02:02"]
[Board "27"]

1. d4 g6 2. Nf3 Bg7 3. e4 c6 4. c4 d5 5. cxd5 cxd5 6. e5 Nc6 7. Nc3 Bg4 8. Be3 Nh6 9. Bb5 O-O 10. Bxc6 bxc6 11. O-O Nf5 12. Rc1 e6 13. Na4 Rc8 14. h3 Bxf3 15. Qxf3 Qh4 16. Rfd1 f6 17. exf6 Bxf6 18. Qg4 Nxe3 19. fxe3 Qxg4 20. hxg4 e5 21. Nc5 Bg5 22. Rc3 Rce8 23. Nd7 exd4 24. exd4 Rf4 25. Ne5 c5 26. Rxc5 Rxd4 27. Nd3 Be3+ 28. Kh2 Rxd3 29. Rxd3 Bxc5 30. Rxd5 Bb6 31. a4 Re4 32. a5 Bc7+ 33. Kh3 Re3+ 34. Kh4 h6 35. b4 Bg3+ 36. Kh3 Bf4+ 37. g3 Rxg3+ 38. Kh4 g5+ 39. Kh5 Kf7 40. Rd7+ Kf6 0-1


[Site "https://www.chess.com"]

[Event "Titled Tuesday Blitz July 18 Early 2023"]
[White "Durarbayli, Vasif"]
[Black "Pajeken, Jakob Leon"]
[WhiteFideId "13402935"]
[BlackFideId "12942839"]
[WhiteElo "2926"]
[BlackElo "2491"]
[Result "1-0"]
[Round "1"]
[TimeControl "180+2"]
[Date "2023.07.18"]
[WhiteClock "0:02:41"]
[BlackClock "0:02:22"]
[Board "28"]

1. e4 e5 2. Nc3 Nf6 3. d4 exd4 4. Qxd4 Nc6 5. Qd3 Bc5 6. Bf4 d6 7. Qd2 O-O 8. O-O-O Re8 9. f3 Be6 10. g4 a5 11. h4 Nb4 12. a3 Na2+ 13. Nxa2 Bxa2 14. Ne2 Nd7 15. Nc3 Be6 16. g5 Ne5 17. Qg2 c6 18. Bxe5 1-0


[Site "https://www.chess.com"]